 Dungeon Crawl Stone Soup version 0.30-a0-879-ga8ba668304 (webtiles) character file.

Game seed: 13664130312033965424

26 AtlasWard the Trooper (level 3, -1/40 HPs)
             Began as an Ogre Cinder Acolyte on Mar 12, 2023.
             Was a High Priest of Ignis.
             Slain by a gnoll
             ... wielding a +0 flail
              (8 damage)
             ... on level 1 of the Dungeon.
             The game lasted 00:01:50 (897 turns).

AtlasWard the Trooper (Ogre Cinder Acolyte)          Turns: 897, Time: 00:01:51

Health: -1/40      AC:  3    Str: 20    XL:     3   Next: 8%
Magic:  1/5        EV:  9    Int: 15    God:    Ignis [*****.]
Gold:   100        SH:  0    Dex:  4    Spells: 3/5 levels left

rFire   + . .      SeeInvis .    b - +0 whip
rCold   . . .      Faith    .    (no shield)
rNeg    . . .      Spirit   .    d - +0 robe
rPois   .          Reflect  .    (helmet restricted)
rElec   .          Rampage  .    (no cloak)
rCorr   .                        (gloves unavailable)
Will    .....                    (boots unavailable)
Stlth   +                        (no amulet)
HPRegen 0.26/turn                (no ring)
MPRegen 0.09/turn                (no ring)

@: no status effects
A: large, unfitting armour, tough skin 1
a: Renounce Religion, Fiery Armour, Foxfire Swarm, Rising Flame


You were on level 1 of the Dungeon.
You worshipped Ignis.
Ignis was extremely pleased with you.
You visited 1 branch of the dungeon, and saw 2 of its levels.

You collected 100 gold pieces.

Inventory:

Hand Weapons
 a - a -1 mace of flaming
 b - a +0 whip (weapon)
Armour
 d - a +0 robe (worn)
Jewellery
 j - an amulet of the acrobat
Scrolls
 f - a scroll of identify {unknown}
 h - a scroll of teleportation {unknown}
 i - a scroll of enchant weapon {unknown}
Potions
 c - a potion of curing {unknown}
 e - 2 potions of resistance {unknown}
 g - a potion of haste {unknown}


   Skills:
 + Level 4.3 Fighting
 * Level 3.2 Maces & Flails
 + Level 1.7 Spellcasting
 + Level 2.9 Fire Magic


You had 3 spell levels left.
You knew the following spells:

 Your Spells              Type           Power      Damage    Failure   Level
a - Scorch                Fire           20%        2d6       11%         2

Your spell library contained the following spells:

 Spells                   Type           Power      Damage    Failure   Level


Dungeon Overview and Level Annotations

Branches:
Dungeon (2/15)

Altars:


Innate Abilities, Weirdness & Mutations

You are too large for most types of armour.
You have tough skin. (AC +1)


Message History

The rat bites you.
The frilled lizard bites you but does no damage.
You closely miss the rat.
The rat is heavily wounded.
The frilled lizard barely misses you. The rat bites you.
The gnoll hits you with a +0 flail! The rat barely misses you.
The frilled lizard bites you.
You climb upwards.
There is a stone staircase leading down here.
You hit the rat but do no damage.
The rat is heavily wounded.
The rat barely misses you. The gnoll barely misses you.
You hit the rat.
You kill the rat!
The gnoll hits you with a +0 flail.
You are too injured to fight recklessly!
Casting: Scorch (safe; 11% risk of failure)
Confirm with . or Enter, or press ? or * to list all spells.
Flames lash the gnoll.
The gnoll is lightly wounded.
The gnoll's fire resistance burns away.
The gnoll closely misses you.
Unknown command.
Unknown command.
Casting: Scorch (safe; 11% risk of failure)
Confirm with . or Enter, or press ? or * to list all spells.
Flames lash the gnoll.
The gnoll is burned terribly!
The gnoll is heavily wounded.
The gnoll hits you with a +0 flail!
* * * LOW HITPOINT WARNING * * *
Unknown command.
Unknown command.
Unknown command.
The gnoll hits you with a +0 flail.
* * * LOW HITPOINT WARNING * * *
The gnoll attacks as you move away! The gnoll completely misses you.
The gnoll is no longer more vulnerable to fire.
The gnoll attacks as you move away! The gnoll hits you with a +0 flail.
* * * LOW HITPOINT WARNING * * *
The gnoll attacks as you move away! The gnoll hits you with a +0 flail!
You die...

≈≈##≈≈.~≈.~~.≈~##≈≈#######....#..
≈#≈~≈.≈#~.~#~.~~≈#≈............##
#≈≈~.~≈#~.≈#≈~.~≈≈#.######....###
≈≈~.~~#≈~.~≈#≈≈.~~~#######.......
~≈.≈≈≈#≈#.#≈#≈≈~.~~..............
#.≈≈≈#≈≈#.#≈≈#≈≈~.#..#####.......
#.~~#≈≈..#..~~#≈≈....# #>.....###
#..##########..####..###.#....###
#...# ##..@gl.............. #.###
######.####.###..### #.## #.# #.#
#..... ...# #.####.###..### #..#
#.........#.### #..#
######.#.###... #..#
######.##.#.... #..#############
#.............. #...........>..#
##.####.....####


You could see a gnoll and a frilled lizard.

Vanquished Creatures
  A dart slug (D:1)
  2 bats (D:1)
  2 endoplasms (D:1)
  A giant cockroach (D:1)
  A goblin (D:1)
  A hobgoblin (D:1)
  4 quokkas (D:1)
  3 ball pythons (D:1)
  6 kobolds (D:1)
  2 rats (D:1)
23 creatures vanquished.

Notes
Turn   | Place    | Note
-------+----------+-------------------------------------------
     0 | D:1      | AtlasWard the Ogre Cinder Acolyte began the quest for the
                  | Orb.
     0 | D:1      | Reached XP level 1. HP: 24/24 MP: 2/2
   203 | D:1      | Reached XP level 2. HP: 25/32 MP: 4/4
   206 | D:1      | Learned a level 2 spell: Scorch
   774 | D:1      | Reached XP level 3. HP: 39/39 MP: 5/5
   897 | D:1      | Slain by a gnoll

Illustrated notes

Levels and vault maps discovered:
D:1:      spicycebolla_arrival_xxxplode, layout_loops_ring
D:2:      layout_rooms, interstate_on_off, dk_noncrumbling_4

Skill      XL: |  1  2 |
---------------+-------+-----
Maces & Flails | 3 |  3.2
Fighting       | |  4.3
Spellcasting   | |  1.7
Fire Magic     | |  2.9

Action                     || total
---------------------------++-------
  Melee: Whip              ||    90
         Mace              ||    13
         Punch             ||     1
   Cast: Scorch            ||     2
 Armour: Robe              ||    36
  Dodge: Dodged            ||    57

Table legend: (Time is in decaauts)
 A = Elapsed time spent in this place.
 B = Non-inter-level travel time spent in this place.
 C = Inter-level travel time spent in this place.
 D = Time resting spent in this place.
 E = Time spent auto-exploring this place.
 F = Levels seen in this place.
 G = Mean time per level.
                   A        B        C        D        E       F      G
               +--------+--------+--------+--------+--------+-----+--------+
         Total |    895 |    876 |     19 |      0 |    686 |   2 |  447.5 |
       Dungeon |    895 |    876 |     19 |      0 |    686 |   2 |  447.5 |
               +--------+--------+--------+--------+--------+-----+--------+

Top non-repeatable levels by time:
     D:1: 889 daAuts
     D:2: 6 daAuts
